Flames vs Bruins
Created - March 29, 2021 at 21:04
Goals
|
| Flames |
5 |
0 |
1 |
6 |
| Bruins |
0 |
1 |
1 |
2 |
|
Shots
|
| Flames |
21 |
11 |
8 |
40 |
| Bruins |
7 |
11 |
19 |
37 |
|
1st period
1. Flames , Jimmy Hayes 15 (Patrik Berglund 23, Brad Marchand 34) at 1:49 (PP)
2. Flames , Alexander Semin 28 (Eric Staal 45) at 2:13 (PP)
3. Flames , Alexander Semin 29 (David Backes 34, Eric Staal 46) at 4:30
4. Flames , Eric Staal 42 (Alexander Semin 43, Colby Robak 14) at 5:56
5. Flames , Anders Lee 7 (David Ullstrom 15, Kyle Palmieri 10) at 9:09
Penalties :
Matt Read (Bos) for High sticking (Double Minor) at 1:16, Dan Hamhuis (Bos) for Holding (Minor) at 6:56, Zack Kassian (Bos) for Holding Stick (Minor) at 12:24, Matt Read (Bos) for Hooking (Minor) at 17:29
2nd period
6. Bruins , Matt Read 11 (Jonathan Toews 39) at 6:01
Penalties :
Wojtek Wolski (Bos) for Fighting (Major) at 9:07, Steve Regier (Cal) for Fighting (Major) at 9:07, Wojtek Wolski (Bos) for instigated a fight (Minor) at 9:07, Wojtek Wolski (Bos) for instigated a fight (10 Minutes Misconduct) at 9:07, Dan Hamhuis (Bos) for Interference (Minor) at 14:10
3rd period
7. Bruins , Jonathan Toews 35 (Zack Kassian 37) at 3:23 (PP)
8. Flames , Alexander Radulov 19 (Brad Marchand 35, Alexander Semin 44) at 11:53
Penalties :
Erik Johnson (Cal) for Holding (Minor) at 2:45, Colby Robak (Cal) for Roughing (Minor) at 4:07, Erik Johnson (Cal) for Hooking (Minor) at 4:31, Brad Marchand (Cal) for Interference (Minor) at 9:21, Christian Folin (Cal) for Holding (Minor) at 15:48
Goalie Stats
Henrik Lundqvist (Cal), 35 saves from 37 shots - (0.946), W, 30-15-6, 60:00 minutes
Josh Tordjman (Bos), 32 saves from 34 shots - (0.941), 54:04 minutes
Kevin Poulin (Bos), 2 saves from 6 shots - (0.333), L, 36-16-5, 5:56 minutes
Players Stats for Flames
Player Name G A P +/- PIM S H SB GA TA FO MP PP MP PK MP
------------------------------------------------------------------------------------
Alexander Radulov 1 0 1 1 0 6 2 0 0 1 0/3 18:34 5:17 0:26
Alexander Semin 2 2 4 3 0 4 3 1 0 0 4/8 23:20 5:23 0:47
Anders Lee 1 0 1 1 0 3 0 0 0 0 0/4 9:54 0:00 1:50
Brad Marchand 0 2 2 1 2 3 0 2 1 1 1/3 20:56 5:10 2:54
Brendan Mikkelson 0 0 0 1 0 2 0 2 0 0 0/0 13:28 0:00 2:49
Christian Folin 0 0 0 1 2 2 1 1 0 0 0/0 11:45 0:00 0:52
Colby Robak 0 1 1 2 2 1 0 0 0 0 0/0 20:04 4:30 2:09
Colin Wilson 0 0 0 -1 0 0 2 0 0 0 3/9 13:44 1:49 2:23
David Backes 0 1 1 2 0 5 0 1 0 0 1/1 17:01 0:00 1:28
David Ullstrom 0 1 1 1 0 0 1 0 0 0 1/5 12:36 2:38 0:09
Derek Meech 0 0 0 2 0 3 1 0 1 0 0/0 20:20 4:30 2:24
Eric Staal 1 2 3 2 0 6 1 1 0 0 16/29 21:59 5:13 1:27
Erik Johnson 0 0 0 0 4 2 0 2 0 0 0/0 26:10 6:22 2:17
Jimmy Hayes 1 0 1 -1 0 1 1 0 2 0 0/0 14:22 5:24 0:00
Kyle Palmieri 0 1 1 1 0 0 0 1 0 0 0/0 5:22 0:00 0:00
Patrik Berglund 0 1 1 0 0 0 0 0 0 0 3/5 4:30 1:23 0:00
Sami Vatanen 0 0 0 0 0 0 1 3 0 0 0/0 27:53 6:22 3:27
Steve Regier 0 0 0 -1 5 2 0 0 0 0 0/0 9:22 0:19 0:58
Players Stats for Bruins
Player Name G A P +/- PIM S H SB GA TA FO MP PP MP PK MP
------------------------------------------------------------------------------------
Brendan Smith 0 0 0 0 0 2 1 1 0 0 0/0 30:54 4:09 6:58
Casey Cizikas 0 0 0 -1 0 2 1 0 0 0 2/4 9:43 0:14 2:48
Dan Hamhuis 0 0 0 -3 4 3 1 0 0 0 0/0 18:08 2:50 2:09
Henrik Sedin 0 0 0 -1 0 1 2 0 0 0 8/14 17:29 2:53 2:35
Jason Demers 0 0 0 0 0 1 1 1 0 0 0/0 30:11 4:09 6:14
Johnny Boychuk 0 0 0 -3 0 1 1 2 0 1 0/0 16:24 0:00 3:58
Jonathan Toews 1 1 2 0 0 2 0 1 0 1 13/25 22:17 3:19 4:38
Kris Chucko 0 0 0 -1 0 2 3 1 0 0 0/0 10:43 0:14 2:58
Matt Read 1 0 1 -1 6 5 1 1 0 0 0/0 11:25 0:42 0:00
Miikka Salomaki 0 0 0 -1 0 1 0 0 0 0 0/0 7:02 0:47 0:00
Mike Ribeiro 0 0 0 -1 0 0 0 1 0 0 8/11 11:25 0:58 0:00
Samuel Morin 0 0 0 0 0 0 0 1 0 2 0/0 14:18 2:50 1:32
Scott Hartnell 0 0 0 -1 0 3 2 1 0 0 1/2 13:59 2:53 0:02
Slava Voynov 0 0 0 0 0 0 1 0 0 0 0/0 10:27 0:00 0:53
T.J Galiardi 0 0 0 -1 0 2 1 0 0 0 0/0 10:27 0:00 0:00
Victor Oreskovich 0 0 0 -1 0 3 0 0 2 0 1/1 12:51 2:53 0:00
Wojtek Wolski 0 0 0 0 17 2 0 0 0 0 5/10 18:37 2:54 3:58
Zack Kassian 0 1 1 0 2 7 2 2 0 0 0/0 22:42 3:10 4:45
3 Stars
1 - Alexander Semin (Cal)
2 - Eric Staal (Cal)
3 - Henrik Lundqvist (Cal)
Power Play
Flames - 2 on 7 Attempt(s) - 28.57%
Bruins - 1 on 5 Attempt(s) - 20.00%
Penalty Kill
Flames - 4 on 5 Attempt(s) - 80.00%
- Score 0 goal in Penalty Kill
Bruins - 5 on 7 Attempt(s) - 71.43%
- Score 0 goal in Penalty Kill
Team Stat
Flames - Hits : 13 - Faceoff Wins : 29 - Blocked Shots : 14 - Penalty Minutes : 15
Bruins - Hits : 17 - Faceoff Wins : 38 - Blocked Shots : 12 - Penalty Minutes : 29
Official
Referees : Unknown
Linesman : Unknown
Game Notes
Josh Tordjman enters game at 5:56 of 1st period
Patrik Berglund is injured at 12:52 of 1st period (Sprained Left Ankle)
Wojtek Wolski and Steve Regier fight to a draw at 9:07 of 2nd period
Finance
Level 1 -- Attendance: 4215 (70.25%) -- Ticket Income $522,660
Level 2 -- Attendance: 3617 (72.34%) -- Ticket Income $271,275
Level 3 -- Attendance: 1560 (78.00%) -- Ticket Income $68,640
Level 4 -- Attendance: 3686 (92.15%) -- Ticket Income $106,894
Luxury Box -- Attendance: 783 (78.30%) -- Ticket Income $171,477
Game was played at the TD Banknorth Garden.
Total Attendance: 13861 (77.01%)
Total Ticket Income: $1,140,946
Other Income: $171,142
Total Income: $1,312,088
Flames
5 vs 5 Forward
Center Left Wing Right Wing Time % Phy DF OF
1 Eric Staal Alexander Semin David Backes 40 1 2 2
2 Patrik Berglund Brad Marchand Alexander Radulov 33 1 2 2
3 Colin Wilson Steve Regier Jimmy Hayes 19 1 2 2
4 Anders Lee David Ullstrom Kyle Palmieri 8 1 2 2
5 vs 5 Defense
Defense Defense Time % Phy DF OF
1 Erik Johnson Sami Vatanen 38 1 2 2
2 Derek Meech Colby Robak 29 2 2 1
3 Christian Folin Brendan Mikkelson 23 2 2 1
4 Derek Meech Colby Robak 10 2 2 1
PowerPlay Forward
Center Left Wing Right Wing Time % Phy DF OF
1 Eric Staal Alexander Semin Alexander Radulov 60 1 2 2
2 Patrik Berglund Brad Marchand Jimmy Hayes 40 1 2 2
PowerPlay Defense
Defense Defense Time % Phy DF OF
1 Erik Johnson Sami Vatanen 60 1 2 2
2 Derek Meech Colby Robak 40 1 2 2
Penalty Kill 4 Players Forward
Center Wing Time % Phy DF OF
1 Patrik Berglund David Backes 50 1 3 1
2 Colin Wilson Brad Marchand 50 1 3 1
Penalty Kill 4 Players Defense
Defense Defense Time % Phy DF OF
1 Erik Johnson Sami Vatanen 58 1 3 1
2 Derek Meech Colby Robak 42 1 3 1
Penalty Kill - 3 Players Forward
Forward Time % Phy DF OF
1 Eric Staal 50 1 4 0
2 Brad Marchand 50 1 4 0
Penalty Kill - 3 Players Defense
Defense Defense Time % Phy DF OF
1 Erik Johnson Sami Vatanen 58 1 4 0
2 Derek Meech Colby Robak 42 1 4 0
4 vs 4 Forward
Center Wing Time % Phy DF OF
1 Eric Staal Alexander Semin 60 2 2 1
2 Colin Wilson David Backes 40 2 2 1
4 vs 4 Defense
Defense Defense Time % Phy DF OF
1 Erik Johnson Sami Vatanen 60 2 2 1
2 Derek Meech Colby Robak 40 2 2 1
Last Minutes Offensive
Center Left Wing Right Wing Defense Defense
Eric Staal Alexander Semin David Backes Erik Johnson Sami Vatanen
Last Minutes Defensive
Center Left Wing Right Wing Defense Defense
Eric Staal Alexander Semin David Backes Erik Johnson Sami Vatanen
Goaltenders
Starting : Henrik Lundqvist
Backup : Christopher Gibson
Extra Forwards
Normal : Brad Marchand, Alexander Semin, David Ullstrom - PP : David Ullstrom, Colin Wilson - PK : Brad Marchand
Extra Defensemen
Normal : Sami Vatanen, Derek Meech, Colby Robak - PP : Derek Meech - PK : Brendan Mikkelson, Christian Folin
Penalty Shots
Eric Staal, Alexander Semin, David Backes, Brad Marchand, Patrik Berglund
Scratches
None
Bruins
5 vs 5 Forward
Center Left Wing Right Wing Time % Phy DF OF
1 Jonathan Toews Wojtek Wolski Zack Kassian 40 1 2 2
2 Henrik Sedin Scott Hartnell Victor Oreskovich 30 1 2 2
3 Mike Ribeiro T.J Galiardi Matt Read 20 1 2 2
4 Casey Cizikas Kris Chucko Miikka Salomaki 10 1 2 2
5 vs 5 Defense
Defense Defense Time % Phy DF OF
1 Brendan Smith Jason Demers 40 1 2 2
2 Dan Hamhuis Johnny Boychuk 30 1 2 2
3 Slava Voynov Samuel Morin 20 1 2 2
4 Brendan Smith Jason Demers 10 1 2 2
PowerPlay Forward
Center Left Wing Right Wing Time % Phy DF OF
1 Jonathan Toews Wojtek Wolski Zack Kassian 60 1 2 2
2 Henrik Sedin Scott Hartnell Victor Oreskovich 40 1 2 2
PowerPlay Defense
Defense Defense Time % Phy DF OF
1 Brendan Smith Jason Demers 60 1 2 2
2 Dan Hamhuis Samuel Morin 40 1 2 2
Penalty Kill 4 Players Forward
Center Wing Time % Phy DF OF
1 Wojtek Wolski Zack Kassian 60 1 2 2
2 Jonathan Toews Henrik Sedin 40 1 2 2
Penalty Kill 4 Players Defense
Defense Defense Time % Phy DF OF
1 Brendan Smith Jason Demers 60 1 2 2
2 Dan Hamhuis Johnny Boychuk 40 1 2 2
Penalty Kill - 3 Players Forward
Forward Time % Phy DF OF
1 Wojtek Wolski 60 1 2 2
2 Zack Kassian 40 1 2 2
Penalty Kill - 3 Players Defense
Defense Defense Time % Phy DF OF
1 Brendan Smith Jason Demers 60 1 2 2
2 Dan Hamhuis Johnny Boychuk 40 1 2 2
4 vs 4 Forward
Center Wing Time % Phy DF OF
1 Wojtek Wolski Zack Kassian 60 1 2 2
2 Jonathan Toews Henrik Sedin 40 1 2 2
4 vs 4 Defense
Defense Defense Time % Phy DF OF
1 Brendan Smith Jason Demers 60 1 2 2
2 Dan Hamhuis Johnny Boychuk 40 1 2 2
Last Minutes Offensive
Center Left Wing Right Wing Defense Defense
Jonathan Toews Wojtek Wolski Zack Kassian Brendan Smith Johnny Boychuk
Last Minutes Defensive
Center Left Wing Right Wing Defense Defense
Jonathan Toews Wojtek Wolski Zack Kassian Brendan Smith Johnny Boychuk
Goaltenders
Starting : Kevin Poulin
Backup : Josh Tordjman
Extra Forwards
Normal : Henrik Sedin, Zack Kassian, Jonathan Toews - PP : Mike Ribeiro, Matt Read - PK : Jonathan Toews
Extra Defensemen
Normal : Slava Voynov, Jason Demers, Dan Hamhuis - PP : Slava Voynov - PK : Johnny Boychuk, Dan Hamhuis
Penalty Shots
Wojtek Wolski, Zack Kassian, Jonathan Toews, Henrik Sedin, Scott Hartnell
Scratches
Rene Bourque (Healthy), Ian Cole (Sprained Right Finger Injury)
% Time on Ice - Flames
Lines # - Real PCT - Wanted PCT - Time Play
Normal Forward
1 - 36% - 40% - 15:10
2 - 30% - 33% - 12:30
3 - 22% - 19% - 9:07
4 - 13% - 8% - 5:22
Normal Defense
1 - 44% - 38% - 18:25
2 - 29% - 29% - 12:14
3 - 24% - 23% - 10:18
4 - 3% - 10% - 1:12
PP Forward
1 - 48% - 60% - 5:13
2 - 52% - 40% - 5:39
PP Defense
1 - 59% - 60% - 6:22
2 - 41% - 40% - 4:30
PK Forward
1 - 60% - 50% - 3:13
2 - 40% - 50% - 2:11
PK Defense
1 - 65% - 58% - 3:31
2 - 35% - 42% - 1:53
PK3 Forward
1 - 42% - 50% - 0:40
2 - 58% - 50% - 0:55
PK3 Defense
1 - 67% - 58% - 1:04
2 - 33% - 42% - 0:31
44 Forward
1 - 0% - 60%
2 - 0% - 40%
44 Defense
1 - 0% - 60%
2 - 0% - 40%
Last Minute Offensive - 0:00
Last Minute Defensive - 0:00
Total
Forward - 60:00
Defense - 60:00
|
% Time on Ice - Bruins
Lines # - Real PCT - Wanted PCT - Time Play
Normal Forward
1 - 37% - 40% - 15:36
2 - 24% - 30% - 9:58
3 - 25% - 20% - 10:27
4 - 15% - 10% - 6:08
Normal Defense
1 - 45% - 40% - 19:02
2 - 34% - 30% - 14:10
3 - 19% - 20% - 8:11
4 - 2% - 10% - 0:46
PP Forward
1 - 47% - 60% - 3:19
2 - 53% - 40% - 3:40
PP Defense
1 - 59% - 60% - 4:09
2 - 41% - 40% - 2:50
PK Forward
1 - 79% - 60% - 8:32
2 - 21% - 40% - 2:20
PK Defense
1 - 57% - 60% - 6:14
2 - 43% - 40% - 4:38
PK3 Forward
1 - 0% - 60%
2 - 0% - 40%
PK3 Defense
1 - 0% - 60%
2 - 0% - 40%
44 Forward
1 - 0% - 60%
2 - 0% - 40%
44 Defense
1 - 0% - 60%
2 - 0% - 40%
Last Minute Offensive - 0:00
Last Minute Defensive - 0:00
Total
Forward - 60:00
Defense - 60:00
|
Play-by-Play
1st period
0:01 of 1st period - Alexander Semin wins face-off versus Jonathan Toews in neutral zone.
0:10 of 1st period - Snap shot by David Backes.
0:10 of 1st period - Shot Blocked by Brendan Smith.
1:13 of 1st period - Wrist shot by Anders Lee.
1:13 of 1st period - Deflect By Kyle Palmieri.
1:13 of 1st period - Shot Blocked by Mike Ribeiro.
1:13 of 1st period - Puck is out of play.
1:14 of 1st period - Mike Ribeiro wins face-off versus Anders Lee in Bruins zone.
1:16 of 1st period - Double Minor Penalty to Matt Read for High sticking.
1:17 of 1st period - Eric Staal wins face-off versus Wojtek Wolski in Bruins zone.
1:49 of 1st period - Wrist shot by Patrik Berglund.
1:49 of 1st period - Deflect By Jimmy Hayes.
1:49 of 1st period - Goal by Jimmy Hayes - Flames : 1 - Bruins : 0.
1:50 of 1st period - Eric Staal wins face-off versus Wojtek Wolski in neutral zone.
2:01 of 1st period - Slapshot by Alexander Radulov.
2:01 of 1st period - Stopped by Kevin Poulin without a rebound.
2:02 of 1st period - Wojtek Wolski wins face-off versus Eric Staal in Bruins zone.
2:11 of 1st period - Wrist shot by Alexander Radulov.
2:11 of 1st period - Stopped by Kevin Poulin without a rebound.
2:12 of 1st period - Eric Staal wins face-off versus Jonathan Toews in Bruins zone.
2:13 of 1st period - Wrist shot by Alexander Semin.
2:13 of 1st period - Goal by Alexander Semin - Flames : 2 - Bruins : 0.
2:14 of 1st period - Eric Staal wins face-off versus Jonathan Toews in neutral zone.
2:51 of 1st period - Slapshot by Erik Johnson.
2:51 of 1st period - Shot Blocked by Jason Demers.
3:01 of 1st period - Wrist shot by Jonathan Toews.
3:01 of 1st period - Shot Blocked by Sami Vatanen.
3:44 of 1st period - Wrist shot by Zack Kassian.
3:44 of 1st period - Deflect By Wojtek Wolski.
3:44 of 1st period - Shot Misses the Net.
3:44 of 1st period - Puck is out of play.
3:45 of 1st period - David Backes wins face-off versus Scott Hartnell in Flames zone.
3:45 of 1st period - David Backes is hit by Johnny Boychuk.
3:59 of 1st period - Snap shot by Victor Oreskovich.
3:59 of 1st period - Stopped by Henrik Lundqvist without a rebound.
4:00 of 1st period - Mike Ribeiro wins face-off versus Eric Staal in Flames zone.
4:08 of 1st period - Off-side.
4:09 of 1st period - Mike Ribeiro wins face-off versus Eric Staal in neutral zone.
4:30 of 1st period - Snap shot by David Backes.
4:30 of 1st period - Deflect By Alexander Semin.
4:30 of 1st period - Goal by Alexander Semin - Flames : 3 - Bruins : 0.
4:31 of 1st period - Eric Staal wins face-off versus Henrik Sedin in neutral zone.
4:46 of 1st period - Alexander Semin is hit by Henrik Sedin and loses puck.
5:17 of 1st period - Icing by Brad Marchand.
5:18 of 1st period - Patrik Berglund wins face-off versus Jonathan Toews in Flames zone.
5:35 of 1st period - Snap shot by Jonathan Toews.
5:35 of 1st period - Stopped by Henrik Lundqvist with a rebound.
5:45 of 1st period - Jason Demers is hit by Derek Meech and loses puck.
5:56 of 1st period - Wrist shot by Eric Staal.
5:56 of 1st period - Goal by Eric Staal - Flames : 4 - Bruins : 0.
5:56 of 1st period - Josh Tordjman enters game.
5:57 of 1st period - Victor Oreskovich wins face-off versus Patrik Berglund in neutral zone.
6:10 of 1st period - Wrist shot by Scott Hartnell.
6:10 of 1st period - Shot Blocked by Brad Marchand.
6:24 of 1st period - Johnny Boychuk is hit by Eric Staal and loses puck.
6:29 of 1st period - Wrist shot by David Backes.
6:29 of 1st period - Stopped by Josh Tordjman with a rebound.
6:31 of 1st period - Slapshot by Christian Folin.
6:31 of 1st period - Stopped by Josh Tordjman with a rebound.
6:33 of 1st period - Slapshot by Christian Folin.
6:33 of 1st period - Deflect By Johnny Boychuk.
6:33 of 1st period - Stopped by Josh Tordjman with a rebound.
6:56 of 1st period - Minor Penalty to Dan Hamhuis for Holding.
6:57 of 1st period - Wojtek Wolski wins face-off versus Alexander Radulov in Bruins zone.
7:09 of 1st period - Snap shot by Eric Staal.
7:09 of 1st period - Stopped by Josh Tordjman without a rebound.
7:10 of 1st period - Wojtek Wolski wins face-off versus Alexander Radulov in Bruins zone.
8:56 of 1st period - Penalty to Dan Hamhuis is over, Dan Hamhuis is back on ice.
9:07 of 1st period - Wrist shot by David Ullstrom.
9:07 of 1st period - Shot Blocked by Johnny Boychuk.
9:09 of 1st period - Snap shot by Anders Lee.
9:09 of 1st period - Goal by Anders Lee - Flames : 5 - Bruins : 0.
9:10 of 1st period - Eric Staal wins face-off versus Henrik Sedin in neutral zone.
9:19 of 1st period - Snap shot by Victor Oreskovich.
9:19 of 1st period - Deflect By Erik Johnson.
9:19 of 1st period - Shot Misses the Net.
9:19 of 1st period - Puck is out of play.
9:20 of 1st period - Henrik Sedin wins face-off versus Eric Staal in Flames zone.
9:21 of 1st period - Backhand shot by Victor Oreskovich.
9:21 of 1st period - Stopped by Henrik Lundqvist with a rebound.
9:29 of 1st period - Snap shot by Scott Hartnell.
9:29 of 1st period - Stopped by Henrik Lundqvist without a rebound.
9:30 of 1st period - Patrik Berglund wins face-off versus Jonathan Toews in Flames zone.
9:45 of 1st period - Slapshot by Patrik Berglund.
9:45 of 1st period - Shot Misses the Net.
9:57 of 1st period - Sami Vatanen is hit by T.J Galiardi.
10:01 of 1st period - Backhand shot by David Backes.
10:01 of 1st period - Shot Misses the Net.
10:42 of 1st period - Casey Cizikas is hit by David Ullstrom and loses puck.
11:04 of 1st period - Johnny Boychuk is hit by Christian Folin and loses puck.
11:11 of 1st period - Slapshot by Brad Marchand.
11:11 of 1st period - Shot Misses the Net.
11:13 of 1st period - Slapshot by Brendan Mikkelson.
11:13 of 1st period - Deflect By Johnny Boychuk.
11:13 of 1st period - Stopped by Josh Tordjman without a rebound.
11:14 of 1st period - Eric Staal wins face-off versus Henrik Sedin in Bruins zone.
11:19 of 1st period - Wrist shot by David Backes.
11:19 of 1st period - Stopped by Josh Tordjman without a rebound.
11:20 of 1st period - Eric Staal wins face-off versus Henrik Sedin in Bruins zone.
11:50 of 1st period - Snap shot by David Backes.
11:50 of 1st period - Stopped by Josh Tordjman with a rebound.
11:56 of 1st period - Wrist shot by David Backes.
11:56 of 1st period - Stopped by Josh Tordjman without a rebound.
11:57 of 1st period - Patrik Berglund wins face-off versus Jonathan Toews in Bruins zone.
11:58 of 1st period - Snap shot by Alexander Radulov.
11:58 of 1st period - Stopped by Josh Tordjman with a rebound.
12:07 of 1st period - Off-side.
12:08 of 1st period - Jonathan Toews wins face-off versus Patrik Berglund in neutral zone.
12:24 of 1st period - Minor Penalty to Zack Kassian for Holding Stick.
12:25 of 1st period - Wojtek Wolski wins face-off versus Eric Staal in Bruins zone.
12:51 of 1st period - Patrik Berglund is hit by Brendan Smith and loses puck.
12:52 of 1st period - Patrik Berglund from Flames is injured at 12:52 of 1st period (Sprained Left Ankle).
12:53 of 1st period - Wojtek Wolski wins face-off versus Alexander Radulov in Flames zone.
14:24 of 1st period - Penalty to Zack Kassian is over, Zack Kassian is back on ice.
14:45 of 1st period - Snap shot by Wojtek Wolski.
14:45 of 1st period - Shot Hit the Post.
14:47 of 1st period - Snap shot by Wojtek Wolski.
14:47 of 1st period - Shot Blocked by Brendan Mikkelson.
14:49 of 1st period - Slapshot by Brendan Smith.
14:49 of 1st period - Shot Blocked by Brendan Mikkelson.
14:53 of 1st period - Snap shot by Wojtek Wolski.
14:53 of 1st period - Shot Misses the Net.
14:55 of 1st period - Backhand shot by Zack Kassian.
14:55 of 1st period - Stopped by Henrik Lundqvist with a rebound.
14:57 of 1st period - Wrist shot by Wojtek Wolski.
14:57 of 1st period - Stopped by Henrik Lundqvist without a rebound.
14:58 of 1st period - Mike Ribeiro wins face-off versus Colin Wilson in Flames zone.
15:37 of 1st period - Alexander Semin is hit by Casey Cizikas and loses puck.
16:09 of 1st period - Slapshot by Matt Read.
16:09 of 1st period - Shot Misses the Net.
17:04 of 1st period - Slapshot by Casey Cizikas.
17:04 of 1st period - Shot Blocked by David Backes.
17:06 of 1st period - Wrist shot by Casey Cizikas.
17:06 of 1st period - Stopped by Henrik Lundqvist with a rebound.
17:23 of 1st period - Snap shot by Alexander Radulov.
17:23 of 1st period - Stopped by Josh Tordjman with a rebound.
17:29 of 1st period - Minor Penalty to Matt Read for Hooking.
17:30 of 1st period - Eric Staal wins face-off versus Wojtek Wolski in Bruins zone.
17:39 of 1st period - Snap shot by Alexander Semin.
17:39 of 1st period - Shot Misses the Net.
17:41 of 1st period - Snap shot by Eric Staal.
17:41 of 1st period - Shot Misses the Net.
17:43 of 1st period - Slapshot by Eric Staal.
17:43 of 1st period - Stopped by Josh Tordjman with a rebound.
17:45 of 1st period - Slapshot by Colby Robak.
17:45 of 1st period - Stopped by Josh Tordjman with a rebound.
19:29 of 1st period - Penalty to Matt Read is over, Matt Read is back on ice.
19:44 of 1st period - Snap shot by Jimmy Hayes.
19:44 of 1st period - Deflect By Brad Marchand.
19:44 of 1st period - Stopped by Josh Tordjman with a rebound.
19:46 of 1st period - Slapshot by Colin Wilson.
19:46 of 1st period - Deflect By Jimmy Hayes.
19:46 of 1st period - Shot Misses the Net.
19:46 of 1st period - Puck is out of play.
19:47 of 1st period - Eric Staal wins face-off versus Mike Ribeiro in Bruins zone.
19:52 of 1st period - Snap shot by Alexander Semin.
19:52 of 1st period - Stopped by Josh Tordjman without a rebound.
19:53 of 1st period - Eric Staal wins face-off versus Mike Ribeiro in Bruins zone.
19:58 of 1st period - Wrist shot by Eric Staal.
19:58 of 1st period - Shot Blocked by Samuel Morin.
Goals for this period are 5 for Flames vs 0 for Bruins.
Shots for this period are 21 for Flames vs 7 for Bruins.
2nd period
0:01 of 2nd period - Eric Staal wins face-off versus Jonathan Toews in neutral zone.
0:16 of 2nd period - Slapshot by Zack Kassian.
0:16 of 2nd period - Stopped by Henrik Lundqvist with a rebound.
0:26 of 2nd period - Sami Vatanen is hit by Jason Demers and loses puck.
0:49 of 2nd period - Slapshot by Sami Vatanen.
0:49 of 2nd period - Shot Blocked by Johnny Boychuk.
1:29 of 2nd period - Wrist shot by Casey Cizikas.
1:29 of 2nd period - Stopped by Henrik Lundqvist without a rebound.
1:30 of 2nd period - Jonathan Toews wins face-off versus Alexander Semin in Flames zone.
2:36 of 2nd period - Snap shot by Anders Lee.
2:36 of 2nd period - Stopped by Josh Tordjman with a rebound.
2:38 of 2nd period - Wrist shot by Anders Lee.
2:38 of 2nd period - Stopped by Josh Tordjman with a rebound.
2:40 of 2nd period - Slapshot by Brendan Mikkelson.
2:40 of 2nd period - Stopped by Josh Tordjman without a rebound.
2:41 of 2nd period - Eric Staal wins face-off versus Wojtek Wolski in Bruins zone.
3:08 of 2nd period - Brendan Smith is hit by Alexander Radulov.
3:14 of 2nd period - Slapshot by Matt Read.
3:14 of 2nd period - Stopped by Henrik Lundqvist without a rebound.
3:15 of 2nd period - Mike Ribeiro wins face-off versus Colin Wilson in Flames zone.
3:18 of 2nd period - Wrist shot by Matt Read.
3:18 of 2nd period - Stopped by Henrik Lundqvist without a rebound.
3:19 of 2nd period - Colin Wilson wins face-off versus Mike Ribeiro in Flames zone.
3:34 of 2nd period - Snap shot by T.J Galiardi.
3:34 of 2nd period - Stopped by Henrik Lundqvist with a rebound.
4:08 of 2nd period - Slapshot by Erik Johnson.
4:08 of 2nd period - Deflect By Brendan Smith.
4:08 of 2nd period - Stopped by Josh Tordjman with a rebound.
4:29 of 2nd period - Off-side.
4:30 of 2nd period - Mike Ribeiro wins face-off versus Colin Wilson in neutral zone.
4:33 of 2nd period - Colby Robak is hit by Slava Voynov and loses puck.
4:42 of 2nd period - Wrist shot by Jimmy Hayes.
4:42 of 2nd period - Shot Blocked by Matt Read.
4:44 of 2nd period - Wrist shot by Jimmy Hayes.
4:44 of 2nd period - Shot Misses the Net.
5:29 of 2nd period - Backhand shot by Brad Marchand.
5:29 of 2nd period - Stopped by Josh Tordjman without a rebound.
5:30 of 2nd period - Henrik Sedin wins face-off versus Colin Wilson in Bruins zone.
5:30 of 2nd period - Henrik Sedin is hit by Jimmy Hayes.
5:59 of 2nd period - Snap shot by Matt Read.
5:59 of 2nd period - Shot Misses the Net.
6:01 of 2nd period - Snap shot by Matt Read.
6:01 of 2nd period - Goal by Matt Read - Flames : 5 - Bruins : 1.
6:02 of 2nd period - Eric Staal wins face-off versus Jonathan Toews in neutral zone.
6:07 of 2nd period - Wrist shot by Eric Staal.
6:07 of 2nd period - Stopped by Josh Tordjman with a rebound.
6:09 of 2nd period - Slapshot by Erik Johnson.
6:09 of 2nd period - Deflect By Brendan Smith.
6:09 of 2nd period - Stopped by Josh Tordjman without a rebound.
6:10 of 2nd period - Eric Staal wins face-off versus Jonathan Toews in Bruins zone.
6:16 of 2nd period - Snap shot by Eric Staal.
6:16 of 2nd period - Shot Misses the Net.
6:18 of 2nd period - Slapshot by Sami Vatanen.
6:18 of 2nd period - Shot Blocked by Jonathan Toews.
7:33 of 2nd period - Wrist shot by Eric Staal.
7:33 of 2nd period - Shot Blocked by Zack Kassian.
7:35 of 2nd period - Snap shot by Eric Staal.
7:35 of 2nd period - Stopped by Josh Tordjman without a rebound.
7:36 of 2nd period - David Ullstrom wins face-off versus Henrik Sedin in Bruins zone.
8:20 of 2nd period - Snap shot by Kris Chucko.
8:20 of 2nd period - Stopped by Henrik Lundqvist with a rebound.
8:24 of 2nd period - Snap shot by Casey Cizikas.
8:24 of 2nd period - Shot Misses the Net.
8:26 of 2nd period - Slapshot by Slava Voynov.
8:26 of 2nd period - Shot Blocked by Kyle Palmieri.
8:28 of 2nd period - Slapshot by Johnny Boychuk.
8:28 of 2nd period - Deflect By Casey Cizikas.
8:28 of 2nd period - Shot Misses the Net.
8:28 of 2nd period - Puck is out of play.
8:29 of 2nd period - Henrik Sedin wins face-off versus David Ullstrom in Flames zone.
8:34 of 2nd period - Slapshot by Henrik Sedin.
8:34 of 2nd period - Shot Blocked by Christian Folin.
8:36 of 2nd period - Slapshot by Dan Hamhuis.
8:36 of 2nd period - Deflect By Alexander Radulov.
8:36 of 2nd period - Stopped by Henrik Lundqvist without a rebound.
8:37 of 2nd period - Henrik Sedin wins face-off versus David Ullstrom in Flames zone.
8:40 of 2nd period - Slapshot by Victor Oreskovich.
8:40 of 2nd period - Shot Misses the Net.
8:55 of 2nd period - Slapshot by Brendan Smith.
8:55 of 2nd period - Deflect By Scott Hartnell.
8:55 of 2nd period - Shot Misses the Net.
8:55 of 2nd period - Puck is out of play.
8:56 of 2nd period - Colin Wilson wins face-off versus Jonathan Toews in Flames zone.
9:05 of 2nd period - Dan Hamhuis is hit by Colin Wilson and loses puck.
9:07 of 2nd period - Wojtek Wolski and Steve Regier fight to a draw.
9:07 of 2nd period - Penalty to Wojtek Wolski for Fighting.
9:07 of 2nd period - Penalty to Steve Regier for Fighting.
9:07 of 2nd period - Penalty to Wojtek Wolski for instigated a fight.
9:07 of 2nd period - Penalty to Wojtek Wolski for instigated a fight.
9:08 of 2nd period - Jonathan Toews wins face-off versus Eric Staal in Bruins zone.
9:19 of 2nd period - Snap shot by Alexander Radulov.
9:19 of 2nd period - Shot Misses the Net.
9:21 of 2nd period - Snap shot by Alexander Radulov.
9:21 of 2nd period - Shot Blocked by Zack Kassian.
9:23 of 2nd period - Snap shot by Alexander Radulov.
9:23 of 2nd period - Shot Misses the Net.
9:25 of 2nd period - Snap shot by Eric Staal.
9:25 of 2nd period - Stopped by Josh Tordjman with a rebound.
10:58 of 2nd period - Kris Chucko is hit by Alexander Semin and loses puck.
11:07 of 2nd period - Penalty to Wojtek Wolski is over, Miikka Salomaki is send on ice.
11:33 of 2nd period - Snap shot by Matt Read.
11:33 of 2nd period - Stopped by Henrik Lundqvist with a rebound.
11:39 of 2nd period - Matt Read is hit by Alexander Radulov and loses puck.
12:24 of 2nd period - Sami Vatanen is hit by Scott Hartnell and loses puck.
14:10 of 2nd period - Minor Penalty to Dan Hamhuis for Interference.
14:11 of 2nd period - Jonathan Toews wins face-off versus Eric Staal in Bruins zone.
15:20 of 2nd period - Erik Johnson is hit by Kris Chucko and loses puck.
16:01 of 2nd period - Colby Robak is hit by Henrik Sedin and loses puck.
16:10 of 2nd period - Penalty to Dan Hamhuis is over, Dan Hamhuis is back on ice.
17:26 of 2nd period - Icing by Sami Vatanen.
17:27 of 2nd period - Mike Ribeiro wins face-off versus Anders Lee in Flames zone.
17:28 of 2nd period - Snap shot by T.J Galiardi.
17:28 of 2nd period - Stopped by Henrik Lundqvist with a rebound.
17:30 of 2nd period - Wrist shot by Matt Read.
17:30 of 2nd period - Shot Blocked by Brad Marchand.
17:32 of 2nd period - Snap shot by T.J Galiardi.
17:32 of 2nd period - Deflect By Erik Johnson.
17:32 of 2nd period - Shot Blocked by Erik Johnson.
17:32 of 2nd period - Puck is out of play.
17:33 of 2nd period - Mike Ribeiro wins face-off versus Eric Staal in Flames zone.
17:40 of 2nd period - Slapshot by T.J Galiardi.
17:40 of 2nd period - Shot Misses the Net.
17:42 of 2nd period - Snap shot by Matt Read.
17:42 of 2nd period - Stopped by Henrik Lundqvist without a rebound.
17:43 of 2nd period - Jonathan Toews wins face-off versus Eric Staal in Flames zone.
18:31 of 2nd period - Snap shot by Steve Regier.
18:31 of 2nd period - Stopped by Josh Tordjman without a rebound.
18:32 of 2nd period - Casey Cizikas wins face-off versus Colin Wilson in Bruins zone.
18:32 of 2nd period - Casey Cizikas is hit by Sami Vatanen.
18:40 of 2nd period - Erik Johnson is hit by Kris Chucko and loses puck.
19:08 of 2nd period - Wrist shot by Jonathan Toews.
19:08 of 2nd period - Deflect By Zack Kassian.
19:08 of 2nd period - Deflect By Alexander Semin.
19:08 of 2nd period - Shot Misses the Net.
19:08 of 2nd period - Puck is out of play.
19:09 of 2nd period - Henrik Sedin wins face-off versus Alexander Semin in Flames zone.
19:18 of 2nd period - Wrist shot by Alexander Radulov.
19:18 of 2nd period - Shot Blocked by Scott Hartnell.
19:20 of 2nd period - Slapshot by Derek Meech.
19:20 of 2nd period - Stopped by Josh Tordjman without a rebound.
19:21 of 2nd period - Alexander Semin wins face-off versus Jonathan Toews in Bruins zone.
Goals for this period are 0 for Flames vs 1 for Bruins.
Shots for this period are 11 for Flames vs 11 for Bruins.
3rd period
0:01 of 3rd period - Jonathan Toews wins face-off versus Eric Staal in neutral zone.
0:54 of 3rd period - Slapshot by Sami Vatanen.
0:54 of 3rd period - Deflect By Steve Regier.
0:54 of 3rd period - Stopped by Josh Tordjman with a rebound.
1:16 of 3rd period - Snap shot by Scott Hartnell.
1:16 of 3rd period - Stopped by Henrik Lundqvist without a rebound.
1:17 of 3rd period - Henrik Sedin wins face-off versus Alexander Semin in Flames zone.
2:21 of 3rd period - Wrist shot by Dan Hamhuis.
2:21 of 3rd period - Stopped by Henrik Lundqvist with a rebound.
2:23 of 3rd period - Slapshot by Johnny Boychuk.
2:23 of 3rd period - Stopped by Henrik Lundqvist with a rebound.
2:25 of 3rd period - Slapshot by Dan Hamhuis.
2:25 of 3rd period - Stopped by Henrik Lundqvist without a rebound.
2:26 of 3rd period - Casey Cizikas wins face-off versus Alexander Semin in Flames zone.
2:31 of 3rd period - Slapshot by Casey Cizikas.
2:31 of 3rd period - Shot Blocked by Alexander Semin.
2:33 of 3rd period - Snap shot by Kris Chucko.
2:33 of 3rd period - Stopped by Henrik Lundqvist with a rebound.
2:35 of 3rd period - Slapshot by Miikka Salomaki.
2:35 of 3rd period - Shot Blocked by Sami Vatanen.
2:45 of 3rd period - Minor Penalty to Erik Johnson for Holding.
2:46 of 3rd period - Brad Marchand wins face-off versus Jonathan Toews in Flames zone.
3:19 of 3rd period - Snap shot by Jason Demers.
3:19 of 3rd period - Deflect By Victor Oreskovich.
3:19 of 3rd period - Shot Misses the Net.
3:19 of 3rd period - Puck is out of play.
3:20 of 3rd period - Jonathan Toews wins face-off versus Anders Lee in Flames zone.
3:21 of 3rd period - Snap shot by Zack Kassian.
3:21 of 3rd period - Stopped by Henrik Lundqvist with a rebound.
3:23 of 3rd period - Snap shot by Jonathan Toews.
3:23 of 3rd period - Goal by Jonathan Toews - Flames : 5 - Bruins : 2.
3:24 of 3rd period - Jonathan Toews wins face-off versus Eric Staal in neutral zone.
4:07 of 3rd period - 10 Minutes Misconduct Penalty to Wojtek Wolski is over.
4:07 of 3rd period - Minor Penalty to Colby Robak for Roughing.
4:08 of 3rd period - Jonathan Toews wins face-off versus Colin Wilson in Flames zone.
4:15 of 3rd period - Wrist shot by Wojtek Wolski.
4:15 of 3rd period - Shot Blocked by Sami Vatanen.
4:31 of 3rd period - Minor Penalty to Erik Johnson for Hooking.
4:32 of 3rd period - Jonathan Toews wins face-off versus Eric Staal in Flames zone.
5:05 of 3rd period - Wrist shot by Victor Oreskovich.
5:05 of 3rd period - Stopped by Henrik Lundqvist with a rebound.
5:07 of 3rd period - Wrist shot by Henrik Sedin.
5:07 of 3rd period - Deflect By Eric Staal.
5:07 of 3rd period - Stopped by Henrik Lundqvist without a rebound.
5:08 of 3rd period - Jonathan Toews wins face-off versus Brad Marchand in Flames zone.
5:21 of 3rd period - Derek Meech is hit by Zack Kassian and loses puck.
5:38 of 3rd period - Slapshot by Derek Meech.
5:38 of 3rd period - Stopped by Josh Tordjman without a rebound.
5:39 of 3rd period - Scott Hartnell wins face-off versus Brad Marchand in Bruins zone.
6:07 of 3rd period - Penalty to Colby Robak is over, Colby Robak is back on ice.
6:31 of 3rd period - Penalty to Erik Johnson is over, Erik Johnson is back on ice.
7:35 of 3rd period - Henrik Sedin is hit by Alexander Semin and loses puck.
8:34 of 3rd period - Wrist shot by Eric Staal.
8:34 of 3rd period - Shot Blocked by Kris Chucko.
9:21 of 3rd period - Minor Penalty to Brad Marchand for Interference.
9:22 of 3rd period - Jonathan Toews wins face-off versus Anders Lee in Flames zone.
9:35 of 3rd period - Snap shot by Zack Kassian.
9:35 of 3rd period - Shot Misses the Net.
9:37 of 3rd period - Slapshot by Brendan Smith.
9:37 of 3rd period - Deflect By David Backes.
9:37 of 3rd period - Stopped by Henrik Lundqvist with a rebound.
9:39 of 3rd period - Snap shot by Jonathan Toews.
9:39 of 3rd period - Shot Misses the Net.
9:49 of 3rd period - Brendan Mikkelson is hit by Scott Hartnell and loses puck.
10:24 of 3rd period - Derek Meech is hit by Dan Hamhuis and loses puck.
11:21 of 3rd period - Penalty to Brad Marchand is over, Brad Marchand is back on ice.
11:30 of 3rd period - Sami Vatanen is hit by Matt Read and loses puck.
11:43 of 3rd period - Wrist shot by David Backes.
11:43 of 3rd period - Stopped by Josh Tordjman without a rebound.
11:44 of 3rd period - Alexander Semin wins face-off versus Casey Cizikas in Bruins zone.
11:45 of 3rd period - Snap shot by Brad Marchand.
11:45 of 3rd period - Stopped by Josh Tordjman with a rebound.
11:47 of 3rd period - Wrist shot by Alexander Radulov.
11:47 of 3rd period - Stopped by Josh Tordjman with a rebound.
11:49 of 3rd period - Snap shot by Alexander Semin.
11:49 of 3rd period - Stopped by Josh Tordjman without a rebound.
11:50 of 3rd period - Alexander Semin wins face-off versus Casey Cizikas in Bruins zone.
11:53 of 3rd period - Snap shot by Alexander Radulov.
11:53 of 3rd period - Goal by Alexander Radulov - Flames : 6 - Bruins : 2.
11:54 of 3rd period - Jonathan Toews wins face-off versus Eric Staal in neutral zone.
11:57 of 3rd period - Slapshot by Wojtek Wolski.
11:57 of 3rd period - Stopped by Henrik Lundqvist with a rebound.
11:59 of 3rd period - Slapshot by Brendan Smith.
11:59 of 3rd period - Deflect By Zack Kassian.
11:59 of 3rd period - Stopped by Henrik Lundqvist without a rebound.
12:00 of 3rd period - Eric Staal wins face-off versus Wojtek Wolski in Flames zone.
13:39 of 3rd period - Wrist shot by Zack Kassian.
13:39 of 3rd period - Stopped by Henrik Lundqvist with a rebound.
13:41 of 3rd period - Snap shot by Zack Kassian.
13:41 of 3rd period - Stopped by Henrik Lundqvist with a rebound.
13:43 of 3rd period - Slapshot by Jason Demers.
13:43 of 3rd period - Shot Blocked by Erik Johnson.
13:45 of 3rd period - Slapshot by Zack Kassian.
13:45 of 3rd period - Shot Blocked by Eric Staal.
13:57 of 3rd period - Zack Kassian is hit by Alexander Semin and loses puck.
14:04 of 3rd period - Erik Johnson is hit by Zack Kassian and loses puck.
14:29 of 3rd period - Backhand shot by Zack Kassian.
14:29 of 3rd period - Shot Misses the Net.
14:31 of 3rd period - Slapshot by Jason Demers.
14:31 of 3rd period - Deflect By Alexander Semin.
14:31 of 3rd period - Stopped by Henrik Lundqvist with a rebound.
14:33 of 3rd period - Backhand shot by Brendan Smith.
14:33 of 3rd period - Shot Misses the Net.
14:35 of 3rd period - Slapshot by Zack Kassian.
14:35 of 3rd period - Deflect By Eric Staal.
14:35 of 3rd period - Stopped by Henrik Lundqvist with a rebound.
14:37 of 3rd period - Slapshot by Brendan Smith.
14:37 of 3rd period - Stopped by Henrik Lundqvist with a rebound.
14:39 of 3rd period - Slapshot by Zack Kassian.
14:39 of 3rd period - Shot Misses the Net.
14:41 of 3rd period - Snap shot by Jason Demers.
14:41 of 3rd period - Deflect By Zack Kassian.
14:41 of 3rd period - Shot Misses the Net.
14:41 of 3rd period - Puck is out of play.
14:42 of 3rd period - Henrik Sedin wins face-off versus David Ullstrom in Flames zone.
14:57 of 3rd period - Slapshot by Derek Meech.
14:57 of 3rd period - Deflect By Scott Hartnell.
14:57 of 3rd period - Stopped by Josh Tordjman with a rebound.
15:22 of 3rd period - Slava Voynov is hit by Colin Wilson and loses puck.
15:33 of 3rd period - Kyle Palmieri is hit by Kris Chucko and loses puck.
15:38 of 3rd period - Snap shot by Miikka Salomaki.
15:38 of 3rd period - Stopped by Henrik Lundqvist without a rebound.
15:39 of 3rd period - Henrik Sedin wins face-off versus David Ullstrom in Flames zone.
15:46 of 3rd period - Snap shot by Scott Hartnell.
15:46 of 3rd period - Stopped by Henrik Lundqvist with a rebound.
15:48 of 3rd period - Minor Penalty to Christian Folin for Holding.
15:49 of 3rd period - Colin Wilson wins face-off versus Henrik Sedin in Flames zone.
17:48 of 3rd period - Penalty to Christian Folin is over, Christian Folin is back on ice.
Goals for this period are 1 for Flames vs 1 for Bruins.
Shots for this period are 8 for Flames vs 19 for Bruins.